Map: Triton LE

Players

Clem - Winner!

  • Race: Terran Terran
  • League: Master
  • Spawn Location: 5:00

Ryosis

  • Race: Zerg Zerg
  • League: Grandmaster
  • Spawn Location: 11:00

Event: NationWars 2019

VOD

Have the link to the VOD?

Description

Time

  • Played on: Dec. 8, 2019, 10:58 a.m.
  • Length: 9:15
Show
View Real Time Build Order
Export as new Build Order

Clem Terran - Winner!

Build Orders: Liberator Opening, Reaper Expand 

Get SALT Encoding   

  12  0:00  SCV  
  13  0:12  SCV  
  14  0:17  Supply Depot  
  14  0:25  SCV  
  15  0:38  SCV  
  15  0:40  Barracks  
  16  0:44  Refinery  
  16  0:50  SCV  
  17  1:02  SCV  
  18  1:16  SCV  
  19  1:27  Reaper  
  19  1:28  Orbital Command  
  20  1:39  Command Center  
  20  1:48  Supply Depot  
  20  1:53  SCV  
  21  1:59  Marine  
  22  2:05  SCV  
  22  2:08  Factory  
  23  2:17  SCV  
  23  2:19  Refinery  
  23  2:21  Barracks Reactor  
  24  2:29  SCV  
  25  2:41  SCV  
  26  2:51  Orbital Command  
  26  2:53  SCV  
  26  2:54  Starport  
  27  3:01  Hellion x2  
  31  3:05  SCV  
  31  3:08  Barracks Tech Lab  
  32  3:13  Liberator  
  32  3:18  SCV x2  
  34  3:22  Hellion  
  34  3:23  Hellion  
  34  3:26  Supply Depot  
  38  3:30  SCV  
  38  3:31  SCV  
  43  3:42  SCV  
  43  3:45  Hellion  
  43  3:47  SCV, Hellion  
  49  3:50  Stimpack  
  49  3:51  Supply Depot  
  49  3:54  SCV  
  50  4:00  SCV  
  51  4:03  Marine  
  52  4:13  Supply Depot  
  52  4:15  Factory Tech Lab, SCV  
  52  4:16  Command Center  
  53  4:17  SCV  
  53  4:21  Starport Reactor  
  53  4:22  Marine  
  55  4:27  SCV  
  55  4:30  Barracks  
  56  4:32  Barracks  
  56  4:34  SCV  
  57  4:39  SCV  
  57  4:40  Marine  
  57  4:43  Engineering Bay  
  57  4:44  Engineering Bay  
  59  4:48  SCV  
  59  4:49  Siege Tank  
  59  4:51  SCV  
  64  4:58  Marine  
  65  5:02  SCV, Refinery  
  65  5:03  SCV, Refinery  
  67  5:08  Supply Depot, Starport Reactor  
  67  5:10  Terran Infantry Weapons Level 1, Terran Infantry Armor Level 1  
  67  5:19  Marine x2  
  69  5:22  SCV  
  69  5:28  Orbital Command, SCV, Supply Depot  
  71  5:31  Siege Tank  
  71  5:33  Marine x2  
  71  5:34  Marine  
  77  5:38  SCV, Marine  
  77  5:40  SCV  
  80  5:43  Marine  
  80  5:45  Supply Depot  
  81  5:50  Medivac x2  
  81  5:51  SCV  
  81  5:52  Orbital Command  
  81  5:54  Supply Depot  
  81  5:55  Marine  
  81  5:56  Marine  
  88  5:57  SCV  
  88  6:03  Armory  
  89  6:04  SCV  
  89  6:07  Marine x2  
  89  6:09  SCV  
  93  6:16  Barracks, Combat Shield  
  93  6:18  Barracks  
  93  6:23  SCV  
  93  6:24  Marine  
  93  6:25  Marine  
  95  6:26  Supply Depot  
  95  6:29  SCV  
  97  6:34  SCV  
  97  6:37  Siege Tank, Marine  
  97  6:39  SCV, Supply Depot  
  103  6:41  SCV  
  104  6:48  SCV, Marine x2  
  104  6:49  Factory  
  108  6:54  SCV x2  
  108  6:55  Supply Depot, Marine  
  108  7:00  Marine  
  104  7:02  SCV  
  104  7:04  Marine  
  104  7:05  Barracks Reactor  
  104  7:06  Marine  
  104  7:08  Medivac x2, Marine  
  108  7:09  SCV  
  108  7:11  Marine  
  108  7:12  SCV  
  106  7:15  SCV  
  106  7:21  SCV  
  106  7:23  Supply Depot, Refinery x2  
Show
View Real Time Build Order
Export as new Build Order

Ryosis Zerg 

Build Orders: Hatch First 

Get SALT Encoding   

  12  0:00  Drone  
  13  0:12  Overlord  
  13  0:17  Drone  
  14  0:30  Drone  
  14  0:31  Drone  
  16  0:49  Hatchery  
  15  0:52  Drone  
  15  0:56  Drone  
  17  0:59  Drone  
  18  1:10  Extractor  
  17  1:14  Spawning Pool  
  17  1:17  Drone  
  17  1:20  Drone  
  18  1:28  Drone  
  19  1:38  Drone  
  20  1:49  Drone  
  21  2:01  Zergling x2, Queen x2  
  23  2:02  Zergling x2  
  27  2:14  Overlord  
  27  2:15  Drone  
  28  2:24  Drone  
  28  2:32  Drone  
  28  2:33  Drone  
  28  2:35  Drone  
  31  2:42  Metabolic Boost  
  30  2:48  Drone  
  30  2:51  Overlord  
  31  2:54  Hatchery  
  31  2:56  Drone  
  31  2:57  Drone  
  32  2:58  Queen  
  32  3:05  Drone  
  35  3:12  Drone x4  
  39  3:18  Overlord  
  39  3:20  Drone  
  39  3:22  Queen  
  42  3:27  Drone  
  43  3:36  Queen  
  43  3:39  Drone x2  
  47  3:43  Zergling x4  
  47  3:48  Drone x2  
  50  3:49  Overlord  
  50  3:53  Zergling x2  
  51  4:04  Overlord  
  51  4:05  Queen  
  51  4:09  Zergling x10  
  58  4:14  Drone  
  58  4:15  Drone, Queen  
  62  4:17  Drone  
  63  4:27  Drone x2  
  63  4:30  Drone  
  66  4:34  Overlord  
  66  4:35  Drone x2  
  66  4:37  Drone  
  69  4:44  Spore Crawler, Drone x2  
  70  4:45  Drone  
  70  4:46  Spore Crawler, Drone x2  
  70  4:49  Drone x2  
  74  4:58  Zergling x4  
  74  4:59  Drone x3  
  76  5:03  Drone  
  75  5:09  Drone x2  
  75  5:11  Lair  
  77  5:15  Baneling Nest  
  77  5:17  Overlord  
  76  5:23  Spore Crawler, Extractor x2  
  73  5:31  Overlord  
  73  5:33  Hatchery x2  
  71  5:36  Drone x4  
  71  5:37  Drone x4  
  71  5:41  Pneumatized Carapace  
  79  5:44  Drone  
  79  5:45  Evolution Chamber  
  79  5:46  Evolution Chamber  
  78  5:50  Drone  
  79  5:57  Drone, Extractor x2  
  79  5:58  Drone x3  
  81  6:07  Zergling x2  
  81  6:08  Zergling x6, Baneling x3  
  85  6:13  Centrifical Hooks  
  85  6:15  Zergling x4  
  87  6:21  Zerg Melee Weapons Level 1, Overlord  
  87  6:22  Drone x3  
  90  6:26  Overlord  
  90  6:29  Overlord  
  90  6:35  Zerg Ground Armor Level 1  
  90  6:40  Overlord  
  90  6:44  Drone x3  
  92  6:50  Drone x3  
  92  6:51  Zergling x20  
  92  6:53  Baneling x3  
  105  6:59  Zergling x4  
  96  7:03  Zergling x6  
  96  7:06  Baneling  
  93  7:08  Zergling x2  
  93  7:09  Zergling x14  
  94  7:15  Zergling x4  
  94  7:16  Zergling x2  
  94  7:20  Zergling x8  
Tags
 
Add a new tag
Caveats
  • Supply blocks, unpowered buildings, or Contaminate may cause inaccurate times.
  • Supply counts are checked every 10 seconds.